 Dungeon Crawl Stone Soup version 0.14.1-3-gd16b60d (webtiles) character file.

118665 Indrah22 the Basher (level 16, -3/126 HPs)
             Began as a Mottled Draconian Fighter on May 18, 2014.
             Was a High Priest of Makhleb.
             Killed by Shatter
             ... invoked by Jorgrun
              (47 damage)
             ... on Level 2 of the Elven Halls on May 20, 2014.
             The game lasted 04:56:46 (35639 turns).

Indrah22 the Basher (Mottled Draconian Fighter)    Turns: 35639, Time: 04:56:46

HP  -3/126       AC 17     Str 23      XL: 16   Next: 20%
MP  26/33        EV 31     Int 10      God: Makhleb [*****.]
Gold 2395        SH 29     Dex 20      Spells:  4 memorised, 22 levels left

rFire  + . .     SeeInvis +     a - +8,+1 demon whip of the Pure Nights {flame, MR++ SInv}
rCold  + + .     Clarity  .     (armour unavailable)
rNeg   . . .     Conserve .     A - +1 shield {rF+}
rPois  .         rCorr    .     (helmet restricted)
rElec  .         rRot     .     T - +2 cloak {rC+}
SustAb . .       Spirit   .     U - +2 pair of gloves {rC+}
rMut   +         Warding  .     W - +1 pair of boots
Saprov . . .     Stasis   .     k - amulet of resist mutation
MR     +++..                    V - +5 ring of evasion
                                u - +3 ring of dexterity

@: invisible (expiring), agile, very slightly contaminated, extremely resistant
to hostile enchantments, stealthy
A: breathe sticky flames, unfitting armour, AC +9
a: Breathe Sticky Flame, Minor Destruction, Lesser Servant of Makhleb, Major
Destruction, Greater Servant of Makhleb, Renounce Religion


You were on level 2 of the Elven Halls.
You worshipped Makhleb.
Makhleb was extremely pleased with you.
You were very hungry.

You visited 6 branches of the dungeon, and saw 34 of its levels.
You also visited: Ossuary and Ice Cave.

You collected 2806 gold pieces.
You spent 411 gold pieces at shops.

Inventory:

Hand weapons
 a - the +8,+1 demon whip of the Pure Nights (weapon) {flame, MR++ SInv}
   (You found it in an ice cave)

   It emits flame when wielded, causing extra injury to most foes and up to
   double damage against particularly susceptible opponents.
   It affects your resistance to hostile enchantments.
   It enhances your eyesight.
 e - a +4,+3 morningstar of holy wrath
 q - a +0 blowgun
Missiles
 h - 3 curare-tipped needles
 s - 16 exploding darts
 y - 3 throwing nets
 F - 107 poisoned needles
 P - 7 javelins (quivered)
Armour
 A - a +1 shield of fire resistance (worn)
 T - a +2 cloak of cold resistance (worn)
 U - a +2 pair of gloves of cold resistance (worn)
 W - a +1 pair of boots (worn)
Magical devices
 n - a wand of fireball (0)
 p - a wand of lightning (0)
 v - a wand of hasting (2)
 C - a wand of digging (9)
 D - a wand of paralysis (9)
 K - a wand of confusion (4)
 N - a wand of invisibility (4)
 Q - a wand of disintegration (13)
Comestibles
 d - a chunk of elf flesh
 f - 6 bread rations
 x - 2 meat rations
Scrolls
 b - 4 scrolls of holy word
 j - 3 scrolls of immolation
 l - 2 scrolls of vulnerability
 o - 3 scrolls of recharging
 r - a scroll of fear
 E - 5 scrolls of magic mapping
 I - 2 scrolls of blinking {unknown}
 L - 4 scrolls of remove curse
Jewellery
 k - an amulet of resist mutation (around neck)
 u - a +3 ring of dexterity (left hand)
 V - a +5 ring of evasion (right hand)
Potions
 c - a potion of agility
 i - a potion of curing
 m - a potion of haste
 w - a potion of lignification
 B - a potion of magic
 M - 2 potions of might
 O - a potion of restore abilities
 R - 4 potions of brilliance
Miscellaneous
 H - a lamp of fire (inert)


   Skills:
 + Level 7.3 Fighting
 - Level 13.0 Maces & Flails
 - Level 2.0 Throwing
 + Level 10.4 Dodging
 + Level 13.0 Shields
 - Level 9.6 Spellcasting
 - Level 2.6 Charms
 - Level 4.4 Summonings
 - Level 6.0 Ice Magic
 - Level 7.9 Air Magic
 - Level 12.0 Invocations
 - Level 7.6 Evocations


You had 22 spell levels left.
You knew the following spells:

 Your Spells              Type           Power        Failure   Level  Hunger
a - Swiftness             Chrm/Air       ###.....     2%          2    None
b - Flight                Chrm/Air       ###.......   6%          3    ###....
c - Ozocubu's Armour      Chrm/Ice       ##........   10%         3    ###....
d - Summon Lightning Spi  Summ/Air       ###.....     12%         4    ####...


Dungeon Overview and Level Annotations

Branches:
Dungeon (15/15)            Temple (1/1) D:7             Orc (4/4) D:10
    Elf (2/3) Orc:3          Lair (8/8) D:10          Swamp (4/5) Lair:5
 Spider (0/5) Lair:6        Slime (0/6) Lair:6       Vaults (0/5) D:13
 Depths (0/5) D:15

Altars:
Ashenzari
Cheibriados
Dithmenos
Elyvilon
Fedhas
Kikubaaqudgha
Makhleb
Nemelex Xobeh
Okawaru
Sif Muna
Trog
Vehumet
Xom
Yredelemnul
Zin
The Shining One
Beogh
Jiyva

Shops:
D:14 !   Orc:1 *   Orc:4 [%(*

Portals:
Trove: D:13 (show horn of Geryon)

Annotations:
Elf:2 Agnes, Jorgrun
Lair:8 exclusion: oklob plant
Swamp:4 Mara


Message History

Your balrug is healed.
Jorgrun hits your lightning spire with a quarterstaff of crushing!
Drink which item? (? for menu, Esc to quit)
You feel better.
The deep elf knight hits your balrug but does no damage.
Your balrug gestures at the deep elf knight.
The bolt of fire hits the deep elf knight.
The deep elf knight dies!
Makhleb accepts your collateral kill.
The bolt of fire hits Jorgrun.
Use which ability? (? or * to list)
Press: ? - help, Shift-Dir - straight line, f/p - deep elf mage
Aim: a deep elf mage, wielding a glowing short sword and wearing a scale mail (heavily wounded)
Okay, then.
Jorgrun casts a spell.
The dungeon rumbles around Jorgrun!
The deep elf mage dies!
Your lightning spire is destroyed!
The deep elf mage dies!
You shudder from the earth-shattering force.
You die...

#
###.###.##########
#@.)..............
#23..q).##########
#.)).).... ##
###.#..... #.
###... #. #§# #.
###§#### #.
...§§§..# #.
#........# ##


You could see Jorgrun, a friendly balrug and a friendly ynoxinul.

Vanquished Creatures
  Asterion (Swamp:1)
  A thorn hunter (Swamp:3)
  A spectral weapon (Swamp:1)
  Snorg (Orc:2)
  3 vault guards (D:14)
  A shambling mangrove (Swamp:2)
  An ice dragon (D:15)
  12 hydras
  An alligator (Swamp:1)
  2 orc high priests
  3 centaur warriors
  Nergalle (Orc:2)
  A deep elf knight (Elf:1)
  Erolcha (Orc:2)
  An unseen horror (D:12)
  An ice devil (IceCv)
  A swamp dragon (Swamp:2)
  7 orc knights
  8 hill giants
  A red wasp (Swamp:3)
  A necromancer (D:13)
  A deep elf conjurer (Elf:1)
  2 orc sorcerers (Orc:4)
  2 cyclopes
  3 griffons
  A manticore (D:14)
  4 elephants (Lair:7)
  5 black mambas
  3 gargoyles
  An orange demon (Lair:6)
  22 spiny frogs
  A feature mimic (D:14)
  A hellwing (Swamp:1)
  4 deep elf priests (Elf:1)
  4 giant fireflies
  A tengu conjurer (D:14)
  A boggart (shapeshifter) (Elf:1)
  7 komodo dragons
  5 trolls
  5 blue devils (IceCv)
  7 giant leeches
  11 ravens
  9 blink frogs (Lair:8)
  4 thorn lotuses
  5 bog bodies
  9 deep elf magi
  A grizzly bear (Lair:7)
  A trapdoor spider (D:12)
  5 basilisks
  2 shadows
  A griffon skeleton (D:15)
  4 wraiths
  4 spriggans
  2 water elementals (D:14)
  2 hungry ghosts
  An elephant slug (D:10)
  6 deep elf fighters
  29 vampire mosquitoes
  5 wyverns
  7 sharks
  Grum (D:9)
  A soldier ant (D:12)
  28 yaks
  A warg (Orc:4)
  A neqoxec (D:9)
  27 ugly things
  6 wolves
  7 necrophages
  12 water moccasins
  11 porcupines
  9 hippogriffs
  13 swamp worms
  A mottled dragon (D:15)
  An ogre skeleton (D:14)
  28 orc warriors
  5 swamp drakes
  2 sky beasts
  A human skeleton (D:15)
  8 ogres
  2 ice beasts
  3 black bears
  5 giant goldfish
  A yellow wasp (D:15)
  17 crocodiles
  2 boring beetles
  9 centaurs
  An elf skeleton (D:14)
  A manticore skeleton (D:14)
  27 giant frogs
  2 komodo dragon zombies
  13 giant slugs
  A yaktaur zombie (D:14)
  A brain worm (D:15)
  2 elf zombies
  Blork the orc (D:4)
  A giant slug zombie (D:13)
  2 scorpions
  An eye of draining (D:14)
  7 wights
  7 killer bees
  6 electric eels
  Dowan (D:6)
  3 goliath beetles
  2 quasits
  3 crimson imps
  A centaur skeleton (D:6)
  A human zombie (Ossuary)
  A two-headed ogre zombie (D:14)
  8 big fish
  2 centaur zombies
  11 hounds
  13 jellies
  34 orc priests
  7 iguanas
  28 orc wizards
  10 worker ants
  11 sheep
  2 big kobold zombies (Ossuary)
  2 mummies (Ossuary)
  A worker ant zombie (D:6)
  61 green rats
  7 gnolls
  A worm zombie (D:5)
  24 adders
  3 giant mites
  2 shadow imps
  5 white imps
  8 worms
  5 ufetubi (IceCv)
  An iguana skeleton (D:8)
  A giant eyeball (D:6)
  11 giant geckos
  An ooze (D:3)
  112 orcs
  2 ball pythons
  20 bats
  5 giant cockroaches
  20 hobgoblins
  31 jackals
  12 kobolds
  9 quokkas
  8 giant newts
  A giant spore (D:14)
  19 goblins
  A goblin skeleton (D:5)
  9 hobgoblin zombies (Ossuary)
  2 jackal zombies (Ossuary)
  9 kobold zombies (Ossuary)
  10 orc zombies
  19 rats
  A rat skeleton (D:4)
  2 rat zombies (Ossuary)
  3 ballistomycetes (D:14)
  2 fungi
  2 plants (Lair:8)
1083 creatures vanquished.

Vanquished Creatures (collateral kills)
  Norris (Swamp:3)
  Maud (Lair:4)
  An orc warlord (Elf:1)
  A vault guard (D:14)
  A green death (Lair:8)
  A fire dragon (D:15)
  Harold (Lair:4)
  2 hydras
  A death yak (D:10)
  3 orc high priests
  A tengu warrior (D:14)
  A deep elf knight (Elf:2)
  A catoblepas (Lair:5)
  An ice devil (IceCv)
  2 ice statues (IceCv)
  2 swamp dragons
  5 orc knights
  2 orc sorcerers (Orc:4)
  A cyclops (D:14)
  A black mamba (Lair:1)
  A red wasp (Swamp:3)
  An elephant (D:10)
  7 spiny frogs
  A brown ooze (shapeshifter) (D:15)
  A hellwing (Swamp:1)
  A giant firefly (Swamp:2)
  A troll (D:14)
  3 blue devils (IceCv)
  2 giant leeches
  2 ravens (Swamp:2)
  4 blink frogs (Lair:8)
  A spriggan (Swamp:2)
  2 deep elf magi
  5 yaks
  2 sharks (Lair:8)
  A ynoxinul (Orc:4)
  2 hippogriffs
  An ugly thing (D:14)
  A necrophage (Lair:6)
  A warg (D:10)
  A soldier ant (D:14)
  7 vampire mosquitoes
  2 water moccasins
  A wolf (Lair:1)
  11 orc warriors
  A porcupine (Lair:7)
  3 giant goldfish
  An ogre (Orc:2)
  A yellow wasp (D:10)
  Duvessa (D:6)
  4 crocodiles
  3 giant slugs
  8 giant frogs
  An electric eel (Lair:8)
  3 crimson imps (D:10)
  A hound (Lair:5)
  2 orc priests
  8 orc wizards
  An iguana (Lair:2)
  A spectral orc (Orc:2)
  4 sheep
  2 adders
  28 green rats
  An ufetubus (IceCv)
  13 white imps
  A giant gecko (Lair:1)
  38 orcs
  6 bats
  A hobgoblin (Orc:1)
  4 jackals
  A quokka (Lair:2)
  A goblin (Orc:4)
  A rat (Lair:1)
  A fungus (Lair:1)
  A plant (Lair:8)
234 creatures vanquished.

Vanquished Creatures (others)
  A balrug (D:10)
  5 green deaths
  3 orange demons
  5 smoke demons
  6 hellwings
  2 fire elementals
  2 deep elf magi (Elf:2)
  4 ynoxinuls
  2 neqoxecs
  A quasit (Lair:5)
  An iron imp (Elf:2)
  A white imp (IceCv)
  2 shadow imps
  14 ufetubi
  2 lightning spires
  9 fungi
  3 plants (Lair:8)
63 creatures vanquished.

Grand Total: 1380 creatures vanquished

Notes
Turn   | Place    | Note
--------------------------------------------------------------
     0 | D:1      | Indrah22, the Draconian Fighter, began the quest for the Orb.
     0 | D:1      | Reached XP level 1. HP: 19/19 MP: 1/1
   543 | D:1      | Reached XP level 2. HP: 23/26 MP: 2/2
  1271 | D:2      | Reached XP level 3. HP: 31/31 MP: 3/3
  1616 | D:2      | Reached skill level 4 in Maces & Flails
  1726 | D:2      | Reached XP level 4. HP: 24/38 MP: 4/4
  2168 | D:2      | Found a burning altar of Makhleb.
  2181 | D:2      | Reached skill level 5 in Maces & Flails
  2201 | D:2      | Became a worshipper of Makhleb the Destroyer
  2356 | D:3      | Reached XP level 5. HP: 34/45 MP: 5/5
  2442 | D:3      | Reached skill level 1 in Throwing
  2795 | D:3      | Acquired Makhleb's first power
  3242 | D:4      | Noticed Blork the orc
  3253 | D:4      | Killed Blork the orc
  3253 | D:4      | Reached XP level 6. HP: 47/51 MP: 6/6
  3778 | D:4      | Acquired Makhleb's second power
  3778 | D:4      | Reached skill level 6 in Maces & Flails
  3778 | D:4      | Your scales start taking on a weird mottled pattern.
  3778 | D:4      | Reached XP level 7. HP: 38/59 MP: 7/7
  4208 | D:5      | Entered Level 5 of the Dungeon
  4272 | D:5      | Reached skill level 1 in Invocations
  4531 | D:5      | Acquired Makhleb's third power
  4680 | D:5      | Reached skill level 5 in Invocations
  4772 | D:6      | Reached XP level 8. HP: 27/66 MP: 16/16
  5178 | D:6      | Noticed Duvessa
  5179 | D:6      | Noticed Dowan
  5188 | D:6      | Killed Duvessa
  5197 | D:6      | Killed Dowan
  5197 | D:6      | Reached skill level 7 in Invocations
  5505 | D:6      | Found a shimmering altar of Xom.
  5505 | D:6      | Found a shimmering altar of Xom.
  5505 | D:6      | Found a shimmering altar of Xom.
  5505 | D:6      | Found a shimmering altar of Xom.
  5506 | D:6      | Found a shimmering altar of Xom.
  5506 | D:6      | Found a shimmering altar of Xom.
  5510 | D:6      | You fall through a shaft!
  6073 | D:7      | Reached skill level 5 in Fighting
  6089 | D:7      | Found a shattered altar of Ashenzari.
  6189 | D:7      | Found a deep blue altar of Sif Muna.
  6199 | D:7      | Found a shadowy altar of Dithmenos.
  6199 | D:7      | Found a blossoming altar of Fedhas.
  6251 | D:7      | Acquired Makhleb's fourth power
  6340 | D:7      | Reached XP level 9. HP: 64/74 MP: 19/19
  6807 | D:7      | Found a staircase to the Ecumenical Temple.
  6821 | Temple   | Entered the Ecumenical Temple
  7061 | D:8      | Found a basalt altar of Yredelemnul.
  7137 | D:8      | Found a sand-covered staircase.
  7150 | Ossuary  | Entered an ossuary
  7253 | Ossuary  | Reached skill level 8 in Maces & Flails
  7279 | Ossuary  | Acquired Makhleb's fifth power
  7394 | D:8      | Noticed a gargoyle
  7409 | D:8      | Killed a gargoyle
  7853 | D:8      | Reached skill level 9 in Maces & Flails
  8128 | D:9      | Found a deep blue altar of Sif Muna.
  8407 | D:9      | Noticed Grum
  8418 | D:9      | Killed Grum
  8418 | D:9      | Reached skill level 10 in Maces & Flails
  8492 | D:9      | Reached XP level 10. HP: 86/86 MP: 20/20
  8793 | D:10     | Entered Level 10 of the Dungeon
  8793 | D:10     | Found a staircase to the Lair.
  8793 | D:10     | Noticed a death yak
  8793 | D:10     | Noticed an elephant
  8803 | D:10     | Killed a death yak
  8803 | D:10     | Reached skill level 5 in Shields
  8803 | D:10     | Killed an elephant
  8892 | Lair:1   | Entered Level 1 of the Lair of Beasts
  9242 | Lair:2   | Noticed an eight-headed hydra
  9251 | Lair:2   | Killed an eight-headed hydra
  9345 | Lair:2   | Reached skill level 10 in Invocations
  9357 | Lair:2   | Found a frozen archway.
  9395 | IceCv    | Entered an ice cave
  9417 | IceCv    | Noticed an ice statue
  9417 | IceCv    | Noticed an ice statue
  9427 | IceCv    | Killed an ice statue
  9438 | IceCv    | Killed an ice statue
  9438 | IceCv    | Reached skill level 11 in Invocations
  9438 | IceCv    | Reached XP level 11. HP: 52/92 MP: 25/25
  9507 | IceCv    | Noticed an ice devil
  9517 | IceCv    | Killed an ice devil
  9769 | IceCv    | Noticed an ice devil
  9776 | IceCv    | Killed an ice devil
  9776 | IceCv    | Reached skill level 12 in Invocations
  9808 | IceCv    | Got a crystal demon whip
  9815 | IceCv    | Got an ancient sling
 10115 | Lair:2   | Reached skill level 5 in Dodging
 10322 | Lair:2   | Identified the +8,+1 demon whip of the Pure Nights {flame, MR++ SInv} (You found it in an ice cave)
 10323 | Lair:2   | Identified the +3,+6 sling "Mociodda" {flame, rF+ Str+2} (You found it in an ice cave)
 10679 | Lair:1   | Noticed a black mamba
 10701 | Lair:1   | Killed a black mamba
 10894 | Lair:1   | Noticed an eight-headed hydra
 10901 | Lair:1   | Killed an eight-headed hydra
 11110 | Lair:1   | Noticed a black mamba
 11117 | Lair:1   | Killed a black mamba
 12553 | Lair:3   | Reached XP level 12. HP: 88/100 MP: 27/27
 12696 | Lair:3   | Noticed a seven-headed hydra
 12701 | Lair:3   | Killed a seven-headed hydra
 13231 | Lair:4   | Noticed Maud
 13241 | Lair:4   | Killed Maud
 13241 | Lair:4   | Reached skill level 10 in Dodging
 14005 | Lair:4   | Noticed Harold
 14015 | Lair:4   | Killed Harold
 14157 | Lair:5   | Found a staircase to the Swamp.
 14178 | Lair:5   | Reached skill level 5 in Evocations
 14862 | Lair:5   | Learned a level 2 spell: Swiftness
 15636 | Lair:6   | Found a hole to the Spider Nest.
 15792 | Lair:6   | Found a viscous altar of Jiyva.
 15792 | Lair:6   | Found a staircase to the Slime Pits.
 16852 | Lair:7   | Reached XP level 13. HP: 86/105 MP: 28/28
 17247 | Lair:8   | Entered Level 8 of the Lair of Beasts
 17547 | Lair:8   | Reached skill level 13 in Maces & Flails
 17571 | Lair:8   | Reached skill level 1 in Air Magic
 17574 | Lair:8   | Reached skill level 1 in Spellcasting
 17574 | Lair:8   | Reached skill level 1 in Charms
 17769 | Lair:8   | Got a twisted spear
 17817 | Lair:8   | Got a dazzling bardiche
 17821 | Lair:8   | Identified the cursed -1,+0 spear of Laceration {drain, Dex+2} (You found it on level 8 of the Lair of Beasts)
 19374 | D:10     | Found a staircase to the Orcish Mines.
 19725 | D:10     | Noticed a hill giant
 19730 | D:10     | Killed a hill giant
 19953 | Orc:1    | Entered Level 1 of the Orcish Mines
 20254 | Orc:2    | Noticed Snorg
 20265 | Orc:2    | Killed Snorg
 20390 | Orc:2    | Noticed Nergalle
 20424 | Orc:2    | Killed Nergalle
 20424 | Orc:2    | Reached skill level 5 in Spellcasting
 20618 | Orc:1    | Found Enuif's Assorted Antiques.
 20906 | Orc:2    | Noticed Erolcha
 20936 | Orc:2    | Killed Erolcha
 21612 | Orc:3    | Reached XP level 14. HP: 76/113 MP: 29/29
 21885 | Orc:3    | Found a roughly hewn altar of Beogh.
 22036 | Orc:3    | Found a staircase to the Elven Halls.
 22257 | Orc:4    | Entered Level 4 of the Orcish Mines
 22715 | Orc:4    | Found Woabut Recs' General Store.
 22719 | Orc:4    | Reached skill level 5 in Air Magic
 22721 | Orc:4    | Noticed a cacodemon
 23058 | Orc:4    | Found Syrhumm's Food Boutique.
 23058 | Orc:4    | Found Utsopnaq's Armour Boutique.
 23074 | Orc:4    | Bought a potion of curing for 30 gold pieces
 23078 | Orc:4    | Found Kimmaufa's Antique Weapon Shoppe.
 23089 | Orc:4    | Bought a +1 shield of fire resistance for 264 gold pieces
 24723 | D:12     | Learned a level 3 spell: Flight
 24795 | D:12     | Got an ichor-stained hand axe
 24800 | D:12     | Identified the cursed -2,+6 hand axe "Tormentor" {chop, MR+} (You found it on level 12 of the Dungeon)
 24966 | D:12     | Reached skill level 10 in Shields
 25290 | D:13     | Found a portal to a secret trove of treasure.
 25370 | D:13     | Found a gate to the Vaults.
 26618 | D:14     | Found Abiy's Distillery.
 26633 | D:14     | Bought a potion of degeneration for 26 gold pieces
 26861 | Lair:2   | Learned a level 3 spell: Ozocubu's Armour
 26866 | Lair:2   | Learned a level 4 spell: Summon Lightning Spire
 26930 | Swamp:1  | Entered Level 1 of the Swamp
 27226 | Swamp:1  | Got a fine wooden ring
 27327 | Swamp:1  | Noticed Asterion
 27331 | Swamp:1  | Noticed a spectral weapon
 27352 | Swamp:1  | Killed Asterion
 27352 | Swamp:1  | Killed a spectral weapon
 28427 | Swamp:2  | Reached XP level 15. HP: 118/118 MP: 30/30
 28871 | Swamp:2  | Reached skill level 1 in Summonings
 29321 | Swamp:3  | Noticed Norris
 29359 | Swamp:3  | Killed Norris
 30001 | Swamp:3  | Noticed a thorn hunter
 30022 | Swamp:3  | Killed a thorn hunter
 30515 | Swamp:4  | Noticed Mara
 30522 | Swamp:4  | Noticed Indrah22's illusion
 31245 | D:14     | Bought a potion of heal wounds for 39 gold pieces
 31245 | D:14     | Bought a potion of curing for 26 gold pieces
 31245 | D:14     | Bought a potion of curing for 26 gold pieces
 31813 | D:14     | Reached skill level 1 in Ice Magic
 32097 | D:14     | Found a gate to the Vaults.
 32101 | D:14     | the gate to the Vaults was a mimic.
 32567 | D:15     | Entered Level 15 of the Dungeon
 33243 | D:15     | Got a bloodstained quarterstaff
 33250 | D:15     | Identified the cursed -2,+0 quarterstaff of the Realm of Zot {crush, Str-2 Dex+3} (You found it on level 15 of the Dungeon)
 33806 | D:15     | Found a staircase to the Depths.
 33975 | D:14     | Reached XP level 16. HP: 126/126 MP: 32/32
 34294 | Elf:1    | Entered Level 1 of the Elven Halls
 34325 | Elf:1    | Found a radiant altar of Vehumet.
 34335 | Elf:1    | Reached skill level 5 in Ice Magic
 35558 | Elf:2    | Noticed Jorgrun
 35561 | Elf:2    | Noticed Agnes
 35563 | Elf:2    | HP: 6/126 [green death/bolt of poison[the player character] (23)]
 35639 | Elf:2    | Killed from afar by Jorgrun

Action                   |  1- 3 |  4- 6 |  7- 9 | 10-12 | 13-15 | 16-18 || total
-------------------------+-------+-------+-------+-------+-------+-------++-------
Melee: Flail             |    97 |   151 |   275 |   139 |       |       ||   662
       Morningstar       |       |       |    73 |    37 |   187 |     1 ||   298
       Demon whip        |       |       |       |   703 |  2151 |   145 ||  2999
 Fire: Blowgun           |       |    16 |    25 |     6 |       |       ||    47
Throw: Dart              |    16 |    22 |       |       |       |       ||    38
       Javelin           |       |       |     3 |    18 |    15 |     2 ||    38
 Cast: Summon Lightning  |       |       |       |       |     3 |     4 ||     7
       Ozocubu's Armour  |       |       |       |       |     1 |     2 ||     3
       Flight            |       |       |       |       |     1 |       ||     1
Invok: Minor Destruction |       |       |    86 |    96 |   193 |    14 ||   389
       Lesser Servant of |       |       |     3 |     9 |    41 |     3 ||    56
       Major Destruction |       |       |     1 |    18 |    70 |     9 ||    98
       Greater Servant o |       |       |       |     7 |    13 |     3 ||    23
 Abil: Breathe Sticky Fl |       |       |    10 |     9 |    27 |     2 ||    48
Evoke: Wand              |       |     3 |     4 |     7 |    22 |    11 ||    47
       Lamp of fire      |       |       |       |       |     1 |     1 ||     2
  Use: Scroll            |       |     4 |    12 |    12 |    15 |     8 ||    51
       Potion            |       |     1 |       |     4 |    16 |     5 ||    26
 Stab: Sleeping          |     1 |       |       |     1 |     3 |       ||     5
       Distracted        |       |       |       |     3 |    13 |       ||    16
